 Dungeon Crawl Stone Soup version 0.23-a0-726-g9fa1570 (console) character file.

67 Duffy the Shield-Bearer (level 4, 40/42 HPs)
             Began as a Naga Fighter on Jan 16, 2019.
             Quit the game on level 2 of the Dungeon.
             The game lasted 00:01:19 (1547 turns).

Duffy the Shield-Bearer (Naga Fighter)              Turns: 1547, Time: 00:01:19

Health: 40/42      AC:  4    Str: 19    XL:     4   Next: 18%
Magic:  4/4        EV:  5    Int:  9    God:
Gold:   92         SH:  9    Dex: 10    Spells: 3/3 levels left

rFire    . . .     SeeInvis +   a - +0 war axe
rCold    . . .     Gourm    .   c - +0 shield
rNeg     . . .     Faith    .   b - +0 scale mail
rPois    +         Spirit   .   (no helmet)
rElec    .         Reflect  .   (no cloak)
rCorr    +         Harm     .   (no gloves)
MR       .....     Rnd*Tele +   (no barding)
Stlth    ..........             (no amulet)
HPRegen  0.14/turn              j - ring of resist corrosion
MPRegen  0.09/turn              m - ring of teleportation (curse)

@: very slow
A: large, see invisible, deformed body, poison resistance, slowness 2, slow
metabolism 1, spit poison 1, AC +1
a: Spit Poison


You were on level 2 of the Dungeon.
You were not hungry.

You visited 1 branch of the dungeon, and saw 2 of its levels.

You collected 92 gold pieces.

Inventory:

Hand Weapons
 a - a +0 war axe (weapon)
Armour
 b - a +0 scale mail (worn)
 c - a +0 shield (worn)
Jewellery
 j - a ring of resist corrosion (left hand)
 m - a cursed ring of teleportation (right hand)
Scrolls
 g - 2 scrolls of enchant armour {unknown}
 h - a scroll of remove curse {unknown}
 i - a scroll of teleportation {unknown}
 k - 2 scrolls of identify {unknown}
 n - a scroll of fog {unknown}
Potions
 d - a potion of might
 e - 2 potions of curing {unknown}
 l - a potion of resistance {unknown}
 o - a potion of flight {unknown}
Comestibles
 f - 2 rations
 p - 3 chunks of flesh


   Skills:
 - Level 3.0 Fighting
 + Level 3.3 Axes
 - Level 2.4 Armour
 + Level 3.3 Shields


You had 3 spell levels left.
You didn't know any spells.
Your spell library was empty.

Dungeon Overview and Level Annotations

Branches:
Dungeon (2/15)

Altars:


Innate Abilities, Weirdness & Mutations

You cannot wear boots.
Your serpentine skin is tough. (AC +1)
You have supernaturally acute eyesight. (SInv)
Armour fits poorly on your strangely shaped body.
Your system is resistant to poisons. (rPois)
You cover ground very slowly.
You have a slow metabolism.
You can spit poison.


Message History

You are no longer poisoned.
Some of the chunks of flesh in your inventory have rotted away.
Some of the chunks of flesh in your inventory have rotted away.
You open the door.
An adder comes into view.
The adder hisses angrily.
The adder bites you but does no damage.
There is an open door here.
An adder is nearby!
An adder is nearby!
An adder is nearby!
You barely miss the adder. You block the adder's attack.
The adder bites you but does no damage.
You miss the adder. You block the adder's attack. x2
Your shield and scale mail prevent you from hitting the adder.
The adder bites you.
You slash the adder!
You kill the adder!
You see here an adder corpse.
Are you sure you want to abandon this character and quit the game? (Confirm with "yes".)

....##.##.#######+#####...####
.##.##.##.## +.....#...#
..%....#..)## #.....#...#
.##.###..#..# #.....+...+
.##..)..###.# #.....#...#
.###.....#..# +.....#...# .#
#.......## #'#####...# .#
#.......# #%.# #...# .#
#.......# #@.# +...+ .#
#.......# #### #...# #
#......... ..## .# #.......#.
.########### . .##........#
....# ###..####..# #.#.# ###
#### ###..####..####.#.####
#.. ..# .....................#
#.# #.#


There were no monsters in sight!

Vanquished Creatures
  5 adders (D:2)
  A leopard gecko (D:2)
  A goblin (D:1)
  4 hobgoblins
  A ball python (D:2)
  5 bats (D:1)
  A frilled lizard (D:1)
  4 kobolds
  3 rats
25 creatures vanquished.

Notes
Turn   | Place    | Note
-------+----------+-------------------------------------------
     0 | D:1      | Duffy the Naga Fighter began the quest for the Orb.
     0 | D:1      | Reached XP level 1. HP: 21/21 MP: 1/1
   378 | D:1      | Reached XP level 2. HP: 28/28 MP: 2/2
   930 | D:2      | Reached XP level 3. HP: 29/34 MP: 3/3
  1361 | D:2      | Reached XP level 4. HP: 22/42 MP: 4/4
  1547 | D:2      | Quit the game

Vault maps used:
D:1:      elethiomel_arrival_infinity_welcomes_careful_drivers, serial_glass,
          glass_columns_a, glass_columns_a
D:2:      lemuel_round_altar, chequers_ecumenical_altar_simple, first_ration,
          minmay_snake_closets

Skill      XL: |  1  2  3 |
---------------+----------+-----
Shields        | 3 |  3.3
Axes           | 3 |  3.3
Fighting       | |  3.0
Armour         | |  2.4

Action                   |  1- 3 |  4- 6 || total
-------------------------+-------+-------++-------
Melee: War axe           |   107 |     4 ||   111
  Eat: Chunk             |     1 |       ||     1
Armor: Scale mail        |    53 |     2 ||    55
Dodge: Dodged            |    26 |       ||    26
Block: Shield            |    56 |     3 ||    59

Table legend:
 A = Non-vault XP
 B = Vault XP
 C = Vault XP percentage of total XP
 D = Non-vault monster count
 E = Vault monster count
 F = Vault count percentage of total count
                 A         B        C        D         E       F
            +---------+---------+-------+---------+---------+-------
      Total |      57 |      40 |  41.2 |      21 |       4 |  16.0
            +---------+---------+-------+---------+---------+-------
        D:1 |      21 |       0 |   0.0 |      14 |       0 |   0.0
        D:2 |      36 |      40 |  52.6 |       7 |       4 |  36.4
            +---------+---------+-------+---------+---------+-------
